 Dungeon Crawl Stone Soup version 0.32-a0-886-g41c5271027 (webtiles) character file.

Game seed: 11569316668786429361

472 petete the Trooper (level 7, -2/75 HPs)
             Began as an Oni Gladiator on Mar 28, 2024.
             Slain by an iguana (7 damage)
             ... on level 5 of the Dungeon on Apr 2, 2024.
             The game lasted 00:16:56 (3034 turns).

petete the Trooper (Oni Gladiator)                  Turns: 3034, Time: 00:16:57

Health: -2/75      AC: 10    Str: 21    XL:     7   Next: 9%
Magic:  7/7        EV:  9    Int:  9    God:
Gold:   183        SH:  0    Dex: 10    Spells: 6/6 levels left

rFire   . . .        a - +1 morningstar (protect)
rCold   . . .        (no shield)
rNeg    . . .        b - +0 robe
rPois   .            c - +0 hat
rElec   .            (no cloak)
rCorr   .            (gloves unavailable)
SInv    .            (boots unavailable)
Will    +....        (no amulet)
Stlth   +            B - ring of willpower
HPRegen 0.32/turn    (no ring)
MPRegen 0.10/turn

%: no passive effects
@: under a protective aura
A: large, unfitting armour, horns 1, tough skin 1, double potion healing,
drunken brawling
a: no special abilities


You were on level 5 of the Dungeon.
You visited 1 branch of the dungeon, and saw 5 of its levels.

You collected 183 gold pieces.

Inventory:

Hand Weapons
 a - a +1 morningstar of protection (weapon)
Missiles
 d - 2 throwing nets
 e - a large rock
 o - 2 boomerangs (quivered)
 v - 7 poisoned darts
 y - 6 javelins
Armour
 b - a +0 robe (worn)
 c - a +0 hat (worn)
 r - a scarf of harm
Jewellery
 A - a ring of ice
 B - a ring of willpower (left hand)
Wands
 i - a wand of warping (10)
Scrolls
 f - a scroll of blinking {unknown}
 g - a scroll of silence {unknown}
 m - 2 scrolls of teleportation {unknown}
 n - a scroll of noise {unknown}
 p - a scroll of torment {unknown}
 q - a scroll of amnesia {unknown}
 s - 2 scrolls of identify
 t - 2 scrolls of brand weapon {unknown}
 w - 2 scrolls of fear {unknown}
 x - a scroll of vulnerability {unknown}
 C - a scroll of immolation {unknown}
 E - a scroll of acquirement {unknown}
Potions
 h - a potion of might
 j - a potion of heal wounds {unknown}
 k - 4 potions of degeneration {unknown}
 l - 3 potions of curing {unknown}
 u - 2 potions of berserk rage {unknown}
 z - a potion of magic {unknown}
 D - a potion of resistance {unknown}


   Skills:
 + Level 6.2 Fighting
 + Level 5.9 Maces & Flails
 - Level 3.3 Throwing
 - Level 2.6 Dodging


You had 6 spell levels left.
You didn't know any spells.
Your spell library contained the following spells:

 Spells                   Type           Power      Damage    Failure   Level
 Blink                    Tloc           0%         N/A       52%         2
 Lesser Beckoning         Tloc           0%         N/A       52%         2
 Momentum Strike          Conj/Tloc      0%         3d8       52%         2
 Call Canine Familiar     Summ           0%         N/A       77%         3
 Sigil of Binding         Hex            0%         N/A       77%         3
 Dimensional Bullseye     Hex/Tloc       0%         N/A       99%         4


Dungeon Overview and Level Annotations

Branches:
Dungeon (5/15)
 Temple: D:4-7

Altars:

Shops:
D:3 *   D:5 (


Innate Abilities, Weirdness & Mutations

You are too large for most types of armour.
You have a pair of small horns on your head.
You have tough skin. (AC +1)
You gain doubled healing and magic from potions.
Whenever you drink a healing potion, you attack all around you.


Message History

Okay, then.
You climb downwards.
You hear the hiss of flowing sand.
There is an entrance to an ossuary on this level.
Hurry and find it before the portal is buried!
The iguana hisses angrily.
Found a scroll labelled YCZUQO MO HIT and a scroll labelled MIODGH RAHAS.
Found a stone staircase leading down.
There is a stone staircase leading up here.
As you read the scroll labelled MIODGH RAHAS, it crumbles to dust.
It is a scroll of identify.
h - a potion of might Throw: 2 boomerangs
Press: ? - help, Q - select action, (/) - cycle Shift-Dir - straight line, f - iguana
Aim: an iguana (61% to hit)
You throw a boomerang. The boomerang hits the iguana!
The iguana is moderately wounded.
Unknown command.
Throw: 2 boomerangs
Press: ? - help, Q - select action, (/) - cycle Shift-Dir - straight line, f/p - iguana
Aim: an iguana (moderately wounded, 61% to hit)
You throw a boomerang. The boomerang hits the iguana.
The iguana is severely wounded.
Unknown command.
You closely miss the iguana. You headbutt the iguana.
The iguana is severely wounded.
The iguana bites you!
* * * LOW HITPOINT WARNING * * *
You hit the iguana.
Your weapon exudes an aura of protection.
The iguana is almost dead.
The iguana bites you.
* * * LOW HITPOINT WARNING * * *
You barely miss the iguana.
The iguana is severely wounded.
The iguana closely misses you.
You barely miss the iguana.
The iguana is severely wounded.
You hear the brisk hiss of an avalanche of sand very nearby.
The iguana bites you!
You die...

. ..... .......
. ..... .......
# ......
....... ...##
...... ......?
#... ......#
....?.. ..g..
.......#.......
.#...
........l......
..... #@.......
.l... ##..>##..
#.... ...#
#.... ....#
..... ......
... ....... #
#....#. #..##


You could see an iguana.

Vanquished Creatures
  A black bear (D:4)
  A gnoll sergeant (D:5)
  A bombardier beetle (D:5)
  A hound (D:4)
  A jelly (D:5)
  2 iguanas
  4 gnolls
  5 adders
  2 ribbon worms (D:2)
  4 dart slugs
  5 orcs (D:4)
  7 ball pythons
  7 bats
  9 endoplasms
  2 giant cockroaches
  5 hobgoblins
  3 jackals (D:1)
  4 quokkas
  4 frilled lizards
  4 goblins
  11 kobolds
  3 rats (D:1)
86 creatures vanquished.

Notes
Turn   | Place    | Note
-------+----------+-------------------------------------------
     0 | D:1      | petete the Oni Gladiator began the quest for the Orb.
     0 | D:1      | Reached XP level 1. HP: 22/22 MP: 1/1
   112 | D:1      | Reached skill level 3 in Fighting
   155 | D:1      | Reached XP level 2. HP: 30/31 MP: 2/2
   360 | D:1      | Reached XP level 3. HP: 34/39 MP: 3/3
   816 | D:2      | Reached skill level 4 in Fighting
   999 | D:2      | Reached XP level 4. HP: 13/49 MP: 4/4
  1790 | D:3      | Noticed a shining eye
  1792 | D:3      | Found a faded altar of an unknown god.
  1793 | D:3      | Noticed a great orb of eyes
  1793 | D:3      | Noticed an eye of devastation
  1793 | D:3      | Noticed a golden eye
  2024 | D:3      | Found Keitiow's General Store.
  2213 | D:4      | Reached skill level 5 in Fighting
  2227 | D:4      | Reached XP level 5. HP: 57/57 MP: 5/5
  2443 | D:4      | Noticed a black bear
  2455 | D:4      | Killed a black bear
  2456 | D:4      | Reached skill level 5 in Maces & Flails
  2456 | D:4      | Reached XP level 6. HP: 61/66 MP: 6/6
  2748 | D:5      | Entered Level 5 of the Dungeon
  2780 | D:4      | Upgraded the game from 0.32-a0-868-g153ae1a8d6 to
                  | 0.32-a0-886-g41c5271027
  2940 | D:5      | Found Laraclor's Weapon Emporium.
  2990 | D:5      | Reached skill level 6 in Fighting
  2990 | D:5      | Reached XP level 7. HP: 11/75 MP: 7/7
  3034 | D:5      | Slain by an iguana

Illustrated notes

Levels and vault maps discovered:
D:1:      sevenhm_arrival_forest_fort_small_6, layout_basic
D:2:      layout_loops_ring
D:3:      layout_rooms, serial_shops, nicolae_shop_pleasant_corner_grove,
          hellmonk_ecumenical_altar_watching_god, hangedman_decor_lopped
D:4:      layout_cave_pools
D:5:      layout_cave_pools, minmay_temple_entry_nine_rooms, enter_ossuary_5,
          serial_shops, shop

Skill      XL: |  1  2  3  4  5  6 |
---------------+-------------------+-----
Fighting       | 3 4 5 6 |  6.2
Maces & Flails | 4 5 |  5.9
Throwing       | 3 |  3.3
Dodging        | |  2.6

Action                     |  1- 3 |  4- 6 |  7- 9 || total
---------------------------+-------+-------+-------++-------
  Melee: Flail             |    96 |    40 |       ||   136
         Headbutt          |    15 |    21 |     1 ||    37
         Morningstar       |       |    65 |     4 ||    69
  Throw: Stone             |     3 |    50 |       ||    53
         Dart              |       |     7 |       ||     7
         Throwing net      |       |     2 |       ||     2
         Boomerang         |       |    29 |     2 ||    31
    Use: Scroll            |       |       |     1 ||     1
   Stab: Held in net/web   |       |     2 |       ||     2
 Armour: Robe              |    61 |    85 |     5 ||   151
  Dodge: Dodged            |    40 |    47 |     3 ||    90

Table legend: (Time is in decaauts)
 A = Elapsed time spent in this place.
 B = Non-inter-level travel time spent in this place.
 C = Inter-level travel time spent in this place.
 D = Time resting spent in this place.
 E = Time spent auto-exploring this place.
 F = Levels seen in this place.
 G = Mean time per level.
                   A        B        C        D        E       F      G
               +--------+--------+--------+--------+--------+-----+--------+
         Total |   3082 |   2951 |    131 |      0 |   2292 |   5 |  616.4 |
       Dungeon |   3082 |   2951 |    131 |      0 |   2292 |   5 |  616.4 |
               +--------+--------+--------+--------+--------+-----+--------+

Top non-repeatable levels by time:
     D:2: 974 daAuts
     D:4: 851 daAuts
     D:1: 766 daAuts
     D:3: 408 daAuts
     D:5: 82 daAuts
